 Dungeon Crawl Stone Soup version 0.30-b1-2-g02819fbbbe (webtiles) character file.

Game seed: 4496687523990350322

205 nightchill the Chopper (level 5, -4/48 HPs)
             Began as a Hill Orc Fighter on Dec 25, 2023.
             Slain by Grinder (6 damage)
             ... on level 4 of the Dungeon.
             The game lasted 00:05:46 (2453 turns).

nightchill the Chopper (Hill Orc Fighter)           Turns: 2453, Time: 00:05:46

Health: -4/48      AC:  8    Str: 19    XL:     5   Next: 83%
Magic:  5/5        EV: 10    Int: 10    God:
Gold:   136        SH:  4    Dex: 10    Spells: 4/4 levels left

rFire   . . .        a - +0 war axe
rCold   . . .        c - +0 buckler
rNeg    . . .        n - +2 ring mail {rPois}
rPois   +            (no helmet)
rElec   .            (no cloak)
rCorr   .            l - +0 pair of gloves
SInv    .            (no boots)
Will    .....        (no amulet) Stlth
                     (no ring)
HPRegen 0.28/turn    (no ring)
MPRegen 0.09/turn

%: no passive effects
@: mighty
A: no striking features
a: no special abilities


You were on level 4 of the Dungeon.
You visited 1 branch of the dungeon, and saw 4 of its levels.

You collected 136 gold pieces.

Inventory:

Hand Weapons
 a - a +0 war axe (weapon)
 o - a +0 war axe
Armour
 c - a +0 buckler (worn)
 l - a +0 pair of gloves (worn)
 n - a +2 ring mail of poison resistance (worn)
Scrolls
 f - a scroll of fear {unknown}
 i - 2 scrolls of fog {unknown}
 j - 5 scrolls of teleportation {unknown}
 k - a scroll of brand weapon {unknown}
 p - a scroll of vulnerability {unknown}
 q - a scroll of blinking {unknown}
 s - a scroll of noise {unknown}
Potions
 b - 4 potions of curing
 e - a potion of lignification {unknown}
 g - a potion of haste {unknown}
 h - 2 potions of mutation {unknown}
 m - a potion of berserk rage {unknown}
 r - a potion of heal wounds {unknown}


   Skills:
 + Level 5.2 Fighting
 * Level 6.5 Axes
 - Level 3.2 Armour
 - Level 3.2 Shields


You had 4 spell levels left.
You didn't know any spells.
Your spell library contained the following spells:

 Spells                   Type           Power      Damage    Failure   Level
 Magic Dart               Conj           0%         1d3       63%         1
 Summon Small Mammal      Summ           0%         N/A       63%         1
 Searing Ray              Conj           0%         2d4       77%         2
 Fulminant Prism          Conj/Hex       0%         3d5       100%        4
 Fireball                 Conj/Fire      0%         3d3       100%        5
 Summon Mana Viper        Hex/Summ       0%         N/A       100%        5


Dungeon Overview and Level Annotations

Branches:
Dungeon (4/15)
 Temple: D:4-7

Altars:

Shops:
D:3 (

Annotations:
D:4 Grinder


Message History

The magic dart hits you. Something hits you but does no damage.
Grinder hits you.
You writhe in agony.
Items here: $ ( ))) / [ †.
You slash Grinder!
Grinder is lightly wounded.
You barely miss something. Something hits you. Grinder gestures at you.
Pain shoots through your body!
* * * LOW HITPOINT WARNING * * *
You closely miss Grinder.
Grinder is lightly wounded.
You closely miss something. Something hits you but does no damage.
Grinder hits you!
* * * LOW HITPOINT WARNING * * *
You writhe in agony.
* * * LOW HITPOINT WARNING * * *
You hit Grinder but do no damage.
Grinder is lightly wounded.
You hit something.
An endoplasm comes into view.
Something hits you but does no damage. Grinder barely misses you.
Unknown command.
You closely miss Grinder.
Grinder is lightly wounded.
You closely miss something.
The endoplasm quivers.
Something hits you but does no damage. You block Grinder's attack.
Something hits you but does no damage. Grinder gestures at you.
Pain shoots through your body!
* * * LOW HITPOINT WARNING * * *
It was a potion of curing.
You feel better.
You hear some strange, mumbled words.
A magic dart appears from out of thin air!
The magic dart hits you!
* * * LOW HITPOINT WARNING * * *
Grinder hits you.
* * * LOW HITPOINT WARNING * * *
You writhe in agony.
You die...

.......................##
........>......#..#....##
#..........##........#
#...).......###....###
##J.........##.....#
##..#.#........####
#####.###.......##
#....5###...#...#
#....{@.....#..##
#..#..##.#.....#
########.###..## ###
#..## ##...# ##...##
#....# ##..## ####


You could see Grinder and an endoplasm.

Vanquished Creatures
  Jessica (D:2)
  Natasha (twice) (D:3)
  An orc wizard (D:3)
  4 adders
  3 dart slugs (D:1)
  6 orcs
  5 ball pythons
  7 bats
  3 endoplasms
  2 giant cockroaches
  2 hobgoblins
  5 jackals
  5 kobolds
  2 quokkas
  A frilled lizard (D:1)
  4 goblins
  4 rats
57 creatures vanquished.

Notes
Turn   | Place    | Note
-------+----------+-------------------------------------------
     0 | D:1      | nightchill the Hill Orc Fighter began the quest for the
                  | Orb.
     0 | D:1      | Reached XP level 1. HP: 19/19 MP: 1/1
    99 | D:1      | Reached skill level 3 in Axes
   243 | D:1      | Reached XP level 2. HP: 23/27 MP: 2/2
   839 | D:1      | Reached skill level 4 in Axes
   964 | D:2      | Reached XP level 3. HP: 28/33 MP: 3/3
  1157 | D:2      | Noticed Jessica
  1173 | D:2      | Killed Jessica
  1174 | D:2      | Reached skill level 5 in Axes
  1174 | D:2      | Reached XP level 4. HP: 22/41 MP: 4/4
  1579 | D:3      | Got Botaw's Atlas of Excruciating Accomplices
  1713 | D:3      | Found Mololaf's Weapon Shoppe.
  1781 | D:3      | Reached XP level 5. HP: 28/47 MP: 5/5
  2059 | D:3      | Noticed Natasha
  2079 | D:3      | Killed Natasha
  2080 | D:3      | Reached skill level 5 in Fighting
  2080 | D:3      | Reached skill level 6 in Axes
  2221 | D:3      | Noticed Natasha
  2232 | D:3      | Killed Natasha
  2421 | D:4      | Noticed Grinder
  2453 | D:4      | HP: 2/48 [Grinder (5)]
  2453 | D:4      | Slain by Grinder

Illustrated notes

Levels and vault maps discovered:
D:1:      mrwooster_arrival_statue_2, layout_loops_corners, minmay_pentomino_p2
D:2:      layout_rooms, uniq_jessica
D:3:      layout_basic, serial_shops, nicolae_shop_window_shopping, uniq_natasha
D:4:      layout_cave_pools, mainiacjoe_overflow_big_doors, uniq_edmund,
          uniq_grinder

Skill      XL: |  1  2  3  4  5 |
---------------+----------------+-----
Axes           | 3 4 5 6 |  6.5
Fighting       | 4 5 |  5.2
Armour         | |  3.2
Shields        | |  3.2

Action                     |  1- 3 |  4- 6 || total
---------------------------+-------+-------++-------
  Melee: War axe           |    87 |   136 ||   223
    Use: Potion            |       |     2 ||     2
 Armour: Scale mail        |    42 |    12 ||    54
         Ring mail         |       |    67 ||    67
  Dodge: Dodged            |    34 |    84 ||   118
  Block: Buckler           |    25 |    32 ||    57
